 Dungeon Crawl Stone Soup version 0.14-a0-2888-g61d0ccb (webtiles) character file.

334 HollowCharge the Sneak (level 5, -2/39 HPs)
             Began as a Vampire Assassin on Mar 1, 2014.
             Was an Initiate of Dithmenos.
             Slain by a shadow imp (4 damage)
             ... summoned by Natasha
             ... on Level 5 of the Dungeon.
             The game lasted 00:16:50 (3543 turns).

HollowCharge the Sneak (Vampire Assassin)           Turns: 3543, Time: 00:16:52

HP  -2/39        AC 10     Str 12      XL: 5   Next: 51%
MP   5/5         EV 13     Int 13      God: Dithmenos [......]
Gold 131         SH  0     Dex 16      Spells:  0 memorised,  4 levels left

rFire  . . .     SeeInvis +     z - +1 dagger (protect)
rCold  . . .     Clarity  .     u - +0 robe
rNeg   + . .     Conserve .     (no shield)
rPois  .         rCorr    .     (no helmet)
rElec  .         rRot     .     r - +2 cloak
SustAb . .       Spirit   .     (no gloves)
rMut   .         Warding  .     (no boots)
Saprov . . .     Stasis   .     (no amulet)
MR     .....                    j - +2 ring of strength
                                k - ring of positive energy

@: regenerating quickly, not resistant to hostile enchantments, very stealthy
A: fangs 3, see invisible, unbreathing
a: Renounce Religion


You were on level 5 of the Dungeon.
You worshipped Dithmenos.
Dithmenos was noncommittal.
You were very full.

You visited 2 branches of the dungeon, and saw 6 of its levels.

You collected 131 gold pieces.

Inventory:

Hand weapons
 a - a +2,+2 dagger
 b - a +0 blowgun
 h - a +0,+0 short sword of draining
 z - a +1,+1 dagger of protection (weapon)
Missiles
 e - 23 poisoned needles (quivered)
 f - a curare-tipped needle
Armour
 r - a +2 cloak (worn)
 u - a +0 robe (worn)
Magical devices
 y - a wand of frost (13)
Scrolls
 m - 6 scrolls of teleportation
 v - 2 scrolls of identify
 A - 2 scrolls of fear
Jewellery
 g - an uncursed ring of positive energy
 j - a +2 ring of strength (right hand)
 k - a ring of positive energy (left hand)
Potions
 c - a potion of speed {unknown}
 i - 4 potions of curing {unknown}
 o - a potion of resistance {unknown}
 s - 2 potions of restore abilities {unknown}
 t - a potion of flight {unknown}
 w - 2 potions of heal wounds {unknown}


   Skills:
 + Level 2.7 Fighting
 * Level 4.4 Short Blades
 - Level 1.5 Throwing
 + Level 2.9 Dodging
 + Level 6.8 Stealth


You had 4 spell levels left.
You didn't know any spells.

Dungeon Overview and Level Annotations

Branches:
Dungeon (5/16)             Temple (1/1) D:4

Altars:
Ashenzari
Cheibriados
Dithmenos
Elyvilon
Makhleb
Nemelex Xobeh
Okawaru
Sif Muna
Trog
Vehumet
Zin

Annotations:
D:5 Natasha


Innate Abilities, Weirdness & Mutations

Your natural rate of healing is unusually fast.
You have razor-sharp teeth.*
You have supernaturally acute eyesight.
You can survive without breathing.*


Message History

You hit Natasha.
Natasha is lightly wounded.
The shadow imp hits you. The shadow imp barely misses you.
You barely miss Natasha.
Natasha is lightly wounded.
Natasha claws you.
The iron imp hits you but does no damage.
The shadow imp closely misses you.
You barely miss Natasha.
Natasha is lightly wounded.
The shadow imp closely misses you. Natasha closely misses you.
The shadow imp barely misses you. The iron imp hits you.
You hit Natasha.
Natasha is moderately wounded.
The shadow imp hits you.
* * * LOW HITPOINT WARNING * * *
Natasha claws you!
* * * LOW HITPOINT WARNING * * *
The shadow imp hits you.
You die...

..# .#.#.##..#.. .....
...>......... ...##
#.#...##..#.. ....#
#.#...##..... . .....#
#.#.......... #..
....###.#...##.##.. #...
#....#.#...##.##..
......##h5#.#.#..........
.......5@5...............
.....#.#......#.#.##.##.#
. #...............#..#
#.##.#.#.#..........
.....................
#.#.##.#.#.....#.....#
.... ..............#..#
.. ..................
#..#####...#..#..#


You could see an iron imp, Natasha and 2 shadow imps.

Vanquished Creatures
  Ijyb (D:3)
  9 adders
  3 worms
  2 giant geckos
  An ooze (D:2)
  9 orcs
  A ball python (D:3)
  3 giant cockroaches
  8 goblins
  5 hobgoblins
  A jackal (D:2)
  12 kobolds
  11 bats
  5 giant newts
  A quokka skeleton (D:4)
  14 rats
86 creatures vanquished.

Vanquished Creatures (others)
  A wizard (D:3)
  A ball python (D:1)
  A giant newt (D:1)
3 creatures vanquished.

Grand Total: 89 creatures vanquished

Notes
Turn   | Place    | Note
--------------------------------------------------------------
     0 | D:1      | HollowCharge, the Vampire Assassin, began the quest for the Orb.
     0 | D:1      | Reached XP level 1. HP: 16/16 MP: 1/1
    71 | D:1      | Reached skill level 6 in Stealth
   102 | D:1      | Reached XP level 2. HP: 16/22 MP: 2/2
   729 | D:1      | Reached XP level 3. HP: 27/27 MP: 3/3
  1443 | D:2      | Reached XP level 4. HP: 34/34 MP: 4/4
  1865 | D:3      | Noticed Ijyb
  1869 | D:3      | Killed Ijyb
  2248 | D:3      | Reached XP level 5. HP: 35/39 MP: 5/5
  2674 | D:3      | Found a bloodstained altar of Trog.
  2674 | D:3      | Noticed a wizard
  2681 | D:3      | Killed a wizard
  2823 | D:4      | Found a staircase to the Ecumenical Temple.
  2835 | Temple   | Entered the Ecumenical Temple
  2933 | Temple   | Became a worshipper of Dithmenos
  3062 | D:4      | Found a shattered altar of Ashenzari.
  3157 | D:4      | Found a sparkling altar of Nemelex Xobeh.
  3473 | D:5      | Entered Level 5 of the Dungeon
  3523 | D:5      | Noticed Natasha
  3543 | D:5      | Slain by a shadow imp

Action                   |  1- 3 |  4- 6 || total
-------------------------+-------+-------++-------
Melee: Dagger            |   112 |   203 ||   315
       Short sword       |    11 |       ||    11
Evoke: Wand              |       |     1 ||     1
  Use: Scroll            |       |    13 ||    13
 Stab: Sleeping          |     6 |    14 ||    20
